 Dungeon Crawl Stone Soup version 0.19.0-18-g426998a (webtiles) character file.

30 MaximumFunGaming the Ruffian (level 3, -4/28 HPs)
             Began as a Draconian Transmuter on Nov 12, 2016.
             Slain by Natasha (6 damage)
             ... on level 3 of the Dungeon.
             The game lasted 00:09:30 (965 turns).

MaximumFunGaming the Ruffian (Draconian Transmuter)  Turns: 965, Time: 00:09:33

Health: -4/28      AC:  5    Str: 13    XL:     3   Next: 3%
Magic:  5/6        EV: 12    Int: 13    God:
Gold:   27         SH:  0    Dex: 11    Spells: 2 memorised, 3 levels left

rFire  . . .     SeeInvis .     g - +0 short sword
rCold  . . .     Gourm    .     (armour unavailable)
rNeg   . . .     Faith    .     (no shield)
rPois  .         Spirit   .     (helmet restricted)
rElec  .         Reflect  .     (no cloak)
rCorr  .         Harm     .     (no gloves)
MR     .....                    (no boots)
Stlth  +.........               (no amulet)
                                (no ring)
                                (no ring)

@: lethally poisoned (-4 -> -14), appendage, slowed, very slow
A: unfitting armour, horns 2, cold-blooded, AC +5
a: End Transformation


You were on level 3 of the Dungeon.
You were not hungry.
You had grown temporary horns.
You visited 1 branch of the dungeon, and saw 3 of its levels.

You collected 27 gold pieces.

Inventory:

Hand Weapons
 g - a +0 short sword (weapon)
Missiles
 a - 12 arrows
 e - 19 poisoned needles
 j - 27 sling bullets
 k - 3 large rocks
Scrolls
 h - a scroll of remove curse
 i - a scroll of identify
Potions
 d - 2 potions of cancellation
Books
 b - a book of Changes

   Spells                             Type                      Level
   a - Beastly Appendage              Transmutation                1
   b - Sticks to Snakes               Transmutation                2
   c - Spider Form                    Transmutation/Poison         3
   d - Ice Form                       Ice/Transmutation            4
   e - Blade Hands                    Transmutation                5
Comestibles
 c - a bread ration
 f - a beef jerky
 l - a chunk of flesh


   Skills:
 + Level 1.2 Fighting
 + Level 0.8 Short Blades
 + Level 2.1 Dodging
 + Level 3.4 Unarmed Combat
 + Level 2.1 Spellcasting
 + Level 2.2 Transmutations


You had 3 spell levels left.
You knew the following spells:

 Your Spells              Type           Power        Failure   Level  Hunger
a - Beastly Appendage     Tmut           #.....       12%         1    ##.....
b - Sticks to Snakes      Tmut           #.......     17%         2    ###....


Dungeon Overview and Level Annotations

Branches:
Dungeon (3/15)

Altars:

Annotations:
D:3 Natasha


Innate Abilities, Weirdness & Mutations

Your plain brown scales are hard. (AC +5)
You cannot fit into any form of body armour.
You are cold-blooded and may be slowed by cold attacks.
You have a pair of horns on your head.


Message History

You see here a curare-tipped needle.
You feel sick. Natasha misses you.
You barely miss Natasha.
You feel sick. Natasha claws you.
You closely miss Natasha. You headbutt Natasha.
Your tail-slap misses Natasha.
Natasha is lightly wounded.
You feel sick. Natasha closely misses you. Natasha barely misses you.
A frilled lizard comes into view.
The frilled lizard hisses angrily.
You hit Natasha.
Natasha is lightly wounded.
You feel sick. Natasha claws you.
* * * LOW HITPOINT WARNING * * *
Casting: Beastly Appendage
Confirm with . or Enter, or press ? or * to list all spells.
You extend your transformation's duration.
* * * LOW HITPOINT WARNING * * *
You feel sick. Natasha claws you.
* * * LOW HITPOINT WARNING * * *
Natasha claws you.
You die...

# ## #+## #. ##...## #.
# ##.....## #. ##.#
##.......## ##.
##....###.........# ##..
...l.Kh@(.........+.....
##...5###.........####..
##.# ##.......# ##. #
##.....## ## ##...##
####'##### #.......(#
#.##.###.###### #
#...........


You could see an iron imp, Natasha, a kobold and a frilled lizard.

Vanquished Creatures
  An adder (D:2)
  A dart slug (D:2)
  A giant cockroach (D:2)
  2 goblins (D:1)
  4 hobgoblins
  5 bats
  2 frilled lizards
  4 rats
20 creatures vanquished.

Notes
Turn   | Place    | Note
-------+----------+-------------------------------------------
     0 | D:1      | MaximumFunGaming the Draconian Transmuter began the quest for the Orb.
     0 | D:1      | Reached XP level 1. HP: 16/16 MP: 3/3
   313 | D:2      | Reached XP level 2. HP: 16/23 MP: 5/5
   347 | D:2      | Learned a level 2 spell: Sticks to Snakes
   936 | D:3      | Reached XP level 3. HP: 28/28 MP: 6/6
   959 | D:3      | Noticed Natasha
   965 | D:3      | Slain by Natasha

Skill      XL: |  1  2 |
---------------+-------+-----
Dodging        | 2 |  2.1
Fighting       | |  1.2
Short Blades   | |  0.8
Unarmed Combat | |  3.4
Spellcasting   | |  2.1
Transmutations | |  2.2

Action                   || total
-------------------------++-------
Melee: Unarmed           ||    39
       Tailslap          ||     4
       Kick              ||     2
       Short sword       ||    38
       Headbutt          ||     4
       Punch             ||     1
 Cast: Beastly Appendage ||     8
  Use: Potion            ||     1
       Scroll            ||     5
 Stab: Sleeping          ||     1
Armor: Skin              ||    32
Dodge: Dodged            ||    62
